Workbook

Sheet PLANILHA DE CONCRETOS
A2: Fornecimento de Concreto para os Municípios que compõem o Consorcio AMESP - MG - (2019 / 2021)
A3: Base de Preços: SINAPI FEV/19, SETOP ABR/19 E SUDECAP FEV/19, SICRO JAN/19
A4: Planilha Orçamentária | J4: Data: 10/10/2019
A5: ITEM | B5: CÓDIGO | C5: FONTE | D5: SERVIÇOS | E5: UNID. | F5: QUANT. A EXECUTAR | G5: REFERÊNCIA DE CÁLCULO | H5: PREÇO UNIT. SEM BDI | I5: PREÇO UNIT. COM BDI 24,23% | J5: PREÇO A EXECUTAR SEM BDI | K5: PREÇO A EXECUTAR COM BDI 24,23%
A6: 1 | D6: FORNECIMENTO DE CONCRETO | J6: =SUM(J7:J11) -> 4736131.6 | K6: =SUM(K7:K11) -> 5883701.8
A7: 1.1 | B7: 94963 | C7: SINAPI - JUL/19 | D7: CONCRETO FCK = 15MPA, TRAÇO 1:3,4:3,5 (CIMENTO/ AREIA MÉDIA/ BRITA 1) - PREPARO MECÂNICO COM BETONEIRA 400 L. AF_07/2016 | E7: M3 | F7: ='M.C - OBRA'!D32 -> 1050 | H7: 257.26 | I7: =ROUND(H7*1.2423,2) -> 319.59 | J7: =ROUND(F7*H7,2) -> 270123 | K7: =ROUND(F7*I7,2) -> 335569.5
A8: 1.2 | B8: 94970 | C8: SINAPI - JUL/19 | D8: CONCRETO FCK = 20MPA, TRAÇO 1:2,7:3 (CIMENTO/ AREIA MÉDIA/ BRITA 1) - PREPARO MECÂNICO COM BETONEIRA 600 L. AF_07/2016 | E8: M3 | F8: ='M.C - OBRA'!D10/2 -> 6982.5 | H8: 268.19 | I8: =ROUND(H8*1.2423,2) -> 333.17 | J8: =ROUND(F8*H8,2) -> 1872636.7 | K8: =ROUND(F8*I8,2) -> 2326359.5
A9: 1.3 | B9: 94971 | C9: SINAPI - JUL/19 | D9: CONCRETO FCK = 25MPA, TRAÇO 1:2,3:2,7 (CIMENTO/ AREIA MÉDIA/ BRITA 1) - PREPARO MECÂNICO COM BETONEIRA 600 L. AF_07/2016 | E9: M3 | F9: =F8 -> 6982.5 | H9: 279.72 | I9: =ROUND(H9*1.2423,2) -> 347.5 | J9: =ROUND(F9*H9,2) -> 1953144.9 | K9: =ROUND(F9*I9,2) -> 2426418.8
A10: 1.4 | B10: 94972 | C10: SINAPI - JUL/19 | D10: CONCRETO FCK = 30MPA, TRAÇO 1:2,1:2,5 (CIMENTO/ AREIA MÉDIA/ BRITA 1) - PREPARO MECÂNICO COM BETONEIRA 600 L. AF_07/2016 | E10: M3 | F10: ='M.C - OBRA'!D39 -> 1050 | H10: 287.65 | I10: =ROUND(H10*1.2423,2) -> 357.35 | J10: =ROUND(F10*H10,2) -> 302032.5 | K10: =ROUND(F10*I10,2) -> 375217.5
A11: 1.5 | B11: 94973 | C11: SINAPI - JUL/19 | D11: CONCRETO FCK = 40MPA, TRAÇO 1:1,6:1,9 (CIMENTO/ AREIA MÉDIA/ BRITA 1) - PREPARO MECÂNICO COM BETONEIRA 600 L. AF_07/2016 | E11: M3 | F11: =F10 -> 1050 | H11: 322.09 | I11: =ROUND(H11*1.2423,2) -> 400.13 | J11: =ROUND(F11*H11,2) -> 338194.5 | K11: =ROUND(F11*I11,2) -> 420136.5
A12: 2 | D12: SERVIÇO DE BOMBEAMENTO DE CONCRETO | J12: =SUM(J13:J13) -> 51596.16 | K12: =SUM(K13:K13) -> 64104.32
A13: 2.1 | B13: E-9073 | C13: SICRO | D13: Bomba de concreto rebocável com capacidade de 30 m³/h - 74 Kw | E13: h | F13: ='M.C - OBRA'!D48 -> 4886 | H13: 10.56 | I13: =ROUND(H13*1.2423,2) -> 13.12 | J13: =ROUND(F13*H13,2) -> 51596.16 | K13: =ROUND(F13*I13,2) -> 64104.32
H14: TOTAL SERVIÇOS | J14: =SUM(J7:J11,J13) -> 4787727.7 | K14: =SUM(K7:K11,K13) -> 5947806.1
F23: 150000 | I23: M²
H24: =#REF!/24 -> #REF!
E25: DIA | F25: 500
C31: 4915678
C32: 95878

Sheet M.C - OBRA
B2: Fornecimento de concreto para os Municípios que compõem o Consorcio AMESP - MG - (2019 / 2021)
B3: PLANILHA DE CÁLCULO DOS ITEM 1 DA ESTIMATIVA DE QUANTIDADES
B6: CONCRETO - GERAL - 20 E 25 MPA
C8: CIDADES | D8: 21
C9: QUANT. POR CIDADE | D9: =C20+C25 -> 665 | E9: M³
C10: TOTAL | D10: =D8*D9 -> 13965
B12: MEMÓRIA DE CÁLCULO
B14: Seguindo o estudo da pavimentação utilizaremos estimava de 1.300m de quia e sargeta para cada Municipio, ou seja 2.600m considerando os dois lados da pista onde. Este volume sera dividido entre os concretos de 20 e 25 mpa, mais usuais para estas atividades
B17: GUIAS E SARJETA
B18: 1 | C18: 2600 | D18: Techo Total
B19: 2 | C19: 18 | D19: Consumo m³/m
B20: 3 | C20: =ROUNDUP(C18/C19,0) -> 145 | D20: Total gasto para guia e sarjeta
B21: PASSEIOS
B22: 1 | C22: 2600 | D22: Techo Total
B23: 2 | C23: 2 | D23: Largura
B24: 3 | C24: 0.1 | D24: Espessura
C25: =ROUNDUP(C22*C23*C24,0) -> 520 | D25: Total para passeios
B26: CONCRETOS ESPECIAIS POR MUNICÍPIO
C27: Concreto de 15 MPA
C28: Utilizado em camadas de 5cm para fundo de estruturas | F28: =(300*0,07)
C29: Considerado área de 1000m² por uma espessura de 05 cm
C30: TOTAL | D30: =1000*0.05 -> 50
C31: Municipíos | D31: =D8 -> 21
D32: =D30*D31 -> 1050
C34: Concreto de 30 e 40 MPA
C35: Utilizado para atividades especiais
C36: Considerado 50m³ para cada tipo de concreto especial
C37: TOTAL | D37: =1000*0.05 -> 50
C38: Municipíos | D38: =D31 -> 21
D39: =D37*D38 -> 1050
B42: BOMBEAMENTO | C42: Bomba
B43: 1 | C43: Considerando que para cada M³ é necessario em média 30 min para seu bombeamento aplicado, considerando que em 35% do volume seja necessario a utilização da bomba.
B45: 2 | C45: Acrecentado translado em 30 ocasiões para cada Município considerando 3h entre ida e volta.
C48: TOTAL | D48: =ROUNDUP((('PLANILHA DE CONCRETOS'!F7+'PLANILHA DE CONCRETOS'!F8+'PLANILHA DE CONCRETOS'!F9+'PLANILHA DE CONCRETOS'!F10+'PLANILHA DE CONCRETOS'!F11)/2)*0.35,0)+(30*21*3) -> 4886
F51: =D48/200 -> 24.43

Sheet PLANILHA EQUIPAMENTOS
A2: PRESTAÇÃO DE SERVIÇOS DE LOCAÇÃO DE CAMINHÕES, MÁQUINAS PESADAS E EQUIPAMENTOS COM MOTORISTA, OPERADOR E COMBUSTIVEL PARA OS MUNICÍPIOS QUE COMPÕEM A ASSOCIAÇÃO DOS MUNICÍPIOS DA MICRORREGIÃO DO MÉDIO SAPUCAÍ – AMESP.
A3: Base de Preços: SINAPI SET/19 E SETOP AGO/19
A4: Planilha Orçamentária | J4: Data: 04/11/2019
A5: ITEM | B5: CÓDIGO | C5: FONTE | D5: SERVIÇOS | E5: UNID. | F5: QUANT. A EXECUTAR | G5: REFERÊNCIA DE CÁLCULO | H5: PREÇO UNIT. SEM BDI | I5: PREÇO UNIT. COM BDI 24,23% | J5: PREÇO A EXECUTAR SEM BDI | K5: PREÇO A EXECUTAR COM BDI 24,23%
A6: 1.0 | D6: MOBILIZAÇÃO E DESMOBILIZAÇÃO DE OBRA PARA 21 MUNICÍPIOS | J6: =J7 -> 2377695.6 | K6: =K7 -> 2953811.2
A7: 1.1 | B7: MOB-DES-030 | C7: SETOP - AGO/19 | D7: OBRAS COM VALORES ACIMA DE 3.000.000,01 (ADOTADO 3 MOB/DESMOB. CONFORME DEMANDA POR MUNICÍPIO) (0,2% POR MUNICÍPIO X 21 MUNICÍPIOS X 3 MOB/DESMOB. POR MUNICÍPIO) | E7: % | F7: =(0.2/100)*21*3 -> 0.126 | G7: Valor do contrato dividido pelo numero de Municípios | J7: =J8*F7 -> 2377695.6 | K7: =K8*F7 -> 2953811.2
A8: 2.0 | D8: EQUIPAMENTOS PARA LOCAÇÃO | J8: =SUM(J9:J19) -> 18870600 | K8: =SUM(K9:K19) -> 23442946
A9: 2.1 | B9: 89032 | C9: SINAPI - SET/19 | D9: TRATOR DE ESTEIRAS, POTÊNCIA 150 HP, PESO OPERACIONAL 16,7 T, COM RODA MOTRIZ ELEVADA E LÂMINA 3,18 M3 | E9: H | F9: =500*21 -> 10500 | G9: Considerado 500h por Município | H9: 125.12 | I9: =H9*0.2423+H9 -> 155.43658 | J9: =ROUND(F9*H9,2) -> 1313760 | K9: =ROUND(F9*I9,2) -> 1632084.1
A10: 2.2 | B10: 5932 | C10: SINAPI - SET/19 | D10: MOTONIVELADORA POTÊNCIA BÁSICA LÍQUIDA (PRIMEIRA MARCHA) 125 HP, PESO BRUTO 13032 KG, LARGURA DA LÂMINA DE 3,7 M | E10: H | F10: =500*21 -> 10500 | G10: Considerado 500h por Município | H10: 150.55 | I10: =H10*0.2423+H10 -> 187.02827 | J10: =ROUND(F10*H10,2) -> 1580775 | K10: =ROUND(F10*I10,2) -> 1963796.8
A11: 2.3 | B11: 5944 | C11: SINAPI - SET/19 | D11: PÁ CARREGADEIRA SOBRE RODAS, POTÊNCIA 197 HP, CAPACIDADE DA CAÇAMBA 2,5 A 3,5 M3, PESO OPERACIONAL 18338 KG | E11: H | F11: =500*21 -> 10500 | G11: Considerado 500h por Município | H11: 193.28 | I11: =H11*0.2423+H11 -> 240.11174 | J11: =ROUND(F11*H11,2) -> 2029440 | K11: =ROUND(F11*I11,2) -> 2521173.3
A12: 2.4 | B12: 5875 | C12: SINAPI - SET/19 | D12: RETROESCAVADEIRA SOBRE RODAS COM CARREGADEIRA, TRAÇÃO 4X4, POTÊNCIA LÍQ. 72 HP, CAÇAMBA CARREG. CAP. MÍN. 0,79 M3, CAÇAMBA RETRO CAP. 0,18 M3, PESO OPERACIONAL MÍN. 7.140 KG, PROFUNDIDADE ESCAVAÇÃO MÁX. 4,50 M | E12: H | F12: =500*21 -> 10500 | G12: Considerado 500h por Município | H12: 95.03 | I12: =H12*0.2423+H12 -> 118.05577 | J12: =ROUND(F12*H12,2) -> 997815 | K12: =ROUND(F12*I12,2) -> 1239585.6
A13: 2.5 | B13: 95714 | C13: SINAPI - SET/19 | D13: ESCAVADEIRA HIDRÁULICA SOBRE ESTEIRAS, CAÇAMBA 1,20 M3, PESO OPERACIONAL 21 T, POTÊNCIA BRUTA 155 HP | E13: H | F13: =500*21 -> 10500 | G13: Considerado 500h por Município | H13: 164.87 | I13: =H13*0.2423+H13 -> 204.818 | J13: =ROUND(F13*H13,2) -> 1731135 | K13: =ROUND(F13*I13,2) -> 2150589
A14: 2.6 | B14: 7049 | C14: SINAPI - SET/19 | D14: ROLO COMPACTADOR PE DE CARNEIRO VIBRATORIO, POTENCIA 125 HP, PESO OPERACIONAL SEM/COM LASTRO 11,95 / 13,30 T, IMPACTO DINAMICO 38,5 / 22,5 T, LARGURA DE TRABALHO 2,15 M | E14: H | F14: =500*21 -> 10500 | G14: Considerado 500h por Município | H14: 134.93 | I14: =H14*0.2423+H14 -> 167.62354 | J14: =ROUND(F14*H14,2) -> 1416765 | K14: =ROUND(F14*I14,2) -> 1760047.2
A15: 2.7 | B15: 91386 | C15: SINAPI - SET/19 | D15: CAMINHÃO BASCULANTE 10 M3, TRUCADO CABINE SIMPLES, PESO BRUTO TOTAL 23.000 KG, CARGA ÚTIL MÁXIMA 15.935 KG, DISTÂNCIA ENTRE EIXOS | E15: H | F15: =500*21 -> 10500 | G15: Considerado 500h por Município | H15: 175.17 | I15: =H15*0.2423+H15 -> 217.61369 | J15: =ROUND(F15*H15,2) -> 1839285 | K15: =ROUND(F15*I15,2) -> 2284943.8
A16: 2.8 | B16: 5928 | C16: SINAPI - SET/19 | D16: GUINDAUTO HIDRÁULICO, CAPACIDADE MÁXIMA DE CARGA 6200 KG, MOMENTO MÁXIMO DE CARGA 11,7 TM, ALCANCE MÁXIMO HORIZONTAL 9,70 M, INCLUSIVE CAMINHÃO TOCO PBT 16.000 KG, POTÊNCIA DE 189 CV - CHP DIURNO. AF_06/2014 | E16: H | F16: =500*21 -> 10500 | G16: Considerado 500h por Município | H16: 143.91 | I16: =H16*0.2423+H16 -> 178.77939 | J16: =ROUND(F16*H16,2) -> 1511055 | K16: =ROUND(F16*I16,2) -> 1877183.6
A17: 2.9 | B17: 5901 | C17: SINAPI - SET/19 | D17: CAMINHÃO PIPA 10.000 L TRUCADO, PESO BRUTO TOTAL 23.000 KG, CARGA ÚTIL MÁXIMA 15.935 KG, DISTÂNCIA ENTRE EIXOS 4,8 M, POTÊNCIA 230 CV, INCLUSIVE TANQUE DE AÇO PARA TRANSPORTE DE ÁGUA | E17: H | F17: =500*21 -> 10500 | G17: Considerado 500h por Município | H17: 171.49 | I17: =H17*0.2423+H17 -> 213.04203 | J17: =ROUND(F17*H17,2) -> 1800645 | K17: =ROUND(F17*I17,2) -> 2236941.3
A18: 2.10 | B18: 95631 | C18: SINAPI - SET/19 | D18: ROLO COMPACTADOR VIBRATORIO TANDEM, ACO LISO, POTENCIA 125 HP, PESO SE M/COM LASTRO 10,20/11,65 T, LARGURA DE TRABALHO 1,73 M - CHP DIURNO. A F_11/2016 | E18: H | F18: =500*21 -> 10500 | G18: Considerado 500h por Município | H18: =139.3 -> 139.3 | I18: =H18*0.2423+H18 -> 173.05239 | J18: =ROUND(F18*H18,2) -> 1462650 | K18: =ROUND(F18*I18,2) -> 1817050.1
A19: 2.11 | B19: 93287 | C19: SINAPI - SET/19 | D19: GUINDASTE HIDRÁULICO AUTOPROPELIDO, COM LANÇA TELESCÓPICA 40 M, CAPACIDADE MÁXIMA 60 T, POTÊNCIA 260 KW - CHP DIURNO. AF_03/201 - COM LINHA VIVA CESTO AÉREO | E19: H | F19: =500*21 -> 10500 | G19: Considerado 500h por Município | H19: 303.55 | I19: =H19*0.2423+H19 -> 377.10017 | J19: =ROUND(F19*H19,2) -> 3187275 | K19: =ROUND(F19*I19,2) -> 3959551.7
H20: TOTAL SERVIÇOS | J20: =J8 -> 18870600 | K20: =K8 -> 23442946
H21: TOTAL COM MOBILIZAÇÕES | J21: =J8+J6 -> 21248296 | K21: =K8+K6 -> 26396758
F34: 150000 | I34: M²
H35: =#REF!/24 -> #REF!
E36: DIA | F36: 500
C42: 4915678
C43: 95878

Sheet BDI
A1: Serviços de recomposição de vias e manutenção asfáltica dos Municípios que compõem o Consorcio AMESP - MG - (2019 / 2021)
A2: BDI (CONFORME ACÓRDÃO Nº 2622/13 e LEI Nº 13.161 DE 31/08/15)
A3: DISCRIMINAÇÃO DAS PARCELAS | B3: SIGLA | C3: CONSTRUÇÃO DE RODOVIAS E FERROVIAS | I3: INCIDÊNCIA
C4: (ISS = 2%) | D4: (ISS = 2,5%) | E4: (ISS = 3%) | F4: (ISS = 4%) | G4: (ISS = 5%) | H4: EQUIP.
A5: CUSTO DIRETO | B5: CD | C5: 1 | D5: 1 | E5: 1 | F5: 1 | G5: 1 | H5: 1
A6: ADMINISTRAÇÃO CENTRAL | B6: AC | C6: 0.0453 | D6: 0.0453 | E6: 0.0453 | F6: 0.0453 | G6: 0.0453 | H6: 0.045 | I6: CD
A7: LUCRO | B7: L | C7: 0.0843 | D7: 0.0843 | E7: 0.0843 | F7: 0.0843 | G7: 0.0843 | H7: 0.05 | I7: CD
A8: DESPESAS FINANCEIRAS | B8: DF | C8: 0.0121 | D8: 0.0121 | E8: 0.0121 | F8: 0.0121 | G8: 0.0121 | H8: 0.01 | I8: CD
A9: SEGUROS, GARANTIAS E RISCO | C9: =SUM(C10:C11) -> 0.0171 | D9: =SUM(D10:D11) -> 0.0171 | E9: =SUM(E10:E11) -> 0.0171 | F9: =SUM(F10:F11) -> 0.0171 | G9: =SUM(G10:G11) -> 0.0171 | H9: =SUM(H10:H11) -> 0.0162 | I9: CD
A10: SEGUROS + GARANTIAS | B10: S | C10: 0.0074 | D10: 0.0074 | E10: 0.0074 | F10: 0.0074 | G10: 0.0074 | H10: 0.0082 | I10: CD
A11: RISCO(*) | B11: R | C11: 0.0097 | D11: 0.0097 | E11: 0.0097 | F11: 0.0097 | G11: 0.0097 | H11: 0.008 | I11: CD
A12: TRIBUTOS | B12: I | C12: =SUM(C13:C15) -> 0.0465 | D12: =SUM(D13:D15) -> 0.049 | E12: =SUM(E13:E15) -> 0.0515 | F12: =SUM(F13:F15) -> 0.0565 | G12: =SUM(G13:G15) -> 0.0615 | H12: =SUM(H14:H15) -> 0.0365 | I12: PV
A13: ISS | B13: ISS | C13: 0.01 | D13: 0.0125 | E13: 0.015 | F13: 0.02 | G13: 0.025 | I13: PV
A14: PIS | B14: PIS | C14: 0.0065 | D14: 0.0065 | E14: 0.0065 | F14: 0.0065 | G14: 0.0065 | H14: 0.0065 | I14: PV
A15: COFINS | B15: COFINS | C15: 0.03 | D15: 0.03 | E15: 0.03 | F15: 0.03 | G15: 0.03 | H15: 0.03 | I15: PV
A16: CPRB | B16: INSS | I16: PV
A18: FÓRMULA DO BDI | B18: BDI = | C18: (1 + (AC + S + G + R)) x (1 + DF) x (1 + L)
C19: (1 - (I + CPRB))
B20: BDI(NUMERADOR) | C20: =(1+(C6+C9))*(1+C8)*(1+C7)-1 -> 0.16589904 | D20: =(1+(D6+D9))*(1+D8)*(1+D7)-1 -> 0.16589904 | E20: =(1+(E6+E9))*(1+E8)*(1+E7)-1 -> 0.16589904 | F20: =(1+(F6+F9))*(1+F8)*(1+F7)-1 -> 0.16589904 | G20: =(1+(G6+G9))*(1+G8)*(1+G7)-1 -> 0.16589904 | H20: =(1+(H6+H9))*(1+H8)*(1+H7)-1 -> 0.1254026
B21: BDI(DENOMINADOR) | C21: =(1-(C12+C16)) -> 0.9535 | D21: =(1-(D12+D16)) -> 0.951 | E21: =(1-(E12+E16)) -> 0.9485 | F21: =(1-(F12+F16)) -> 0.9435 | G21: =(1-(G12+G16)) -> 0.9385 | H21: =(1-(H12+H16)) -> 0.9635
B22: BDI = | C22: =(1+C20)/C21-1 -> 0.22275725 | D22: =(1+D20)/D21-1 -> 0.22597165 | E22: =(1+E20)/E21-1 -> 0.22920299 | F22: =(1+F20)/F21-1 -> 0.23571705 | G22: =(1+G20)/G21-1 -> 0.24230052 | H22: =(1+H20)/H21-1 -> 0.16803591
A24: OBSERVAÇÕES
C25: QUANTO AO ISS O TCU MANDA OBSERVAR A LEGISLAÇÃO DO MUNICÍPIO. NO REFERIDO ACÓRDÃO O TCU PARTIU DA PREMISSA DE INCIDÊNCIA DO ISS EM 50% DO PREÇO DE VENDA, COM PERCENTUAIS DE 2%, 3% E 5%.
